 Dungeon Sprint DCSS version 0.31-a0-1591-g515db51633 (webtiles) character file.

Game seed: 18028058406243448293

1159 Conn the Destroyer (level 8, -1/46 HPs)
             Began as an Octopode Fire Elementalist on Jan 6, 2024.
             Was a Follower of Sif Muna.
             Slain by a hornet (17 damage)
             ... while paralysed by a hornet
             ... in the Dungeon (Sprint II: "The Violet Keep of Menkaure").
             The game lasted 00:05:50 (329 turns).

Conn the Destroyer (Octopode Fire Elementalist)      Turns: 329, Time: 00:05:50

Health: -1/46      AC:  1    Str:  8    XL:     8   Next: 39%
Magic:  5/20       EV:  2    Int: 19    God:    Sif Muna [*.....]
Gold:   184        SH:  0    Dex: 12    Spells: 12/24 levels left

rFire   . . .        (no weapon)
rCold   . . .        (no shield)
rNeg    . . .        (helmet restricted)
rPois   .            n - amulet of reflection
rElec   .            (no ring)
rCorr   .            (no ring)
SInv    .            (no ring)
Will    .....        (no ring)
Stlth   ++++         (no ring)
HPRegen 0.27/turn    (no ring)
MPRegen 0.17/turn    (no ring)
                     (no ring)

%: no teleportation, reflection
@: paralysed, mighty, lethally poisoned (-1 -> -9), slowed
A: almost no armour, amphibious, 8 rings, camouflage 1, gelatinous body 1,
nimble swimmer 1, tentacles
a: Renounce Religion, Channel Magic


You were in the Dungeon.
You worshipped Sif Muna.
Sif Muna was aware of your devotion.
You visited 1 branch You collected 397 gold pieces.
You spent 213 gold pieces at shops.

Inventory:

Jewellery
 n - an amulet of reflection (around mantle)
Scrolls
 f - 3 scrolls of blinking
 g - a scroll of revelation
 i - a scroll of amnesia
 j - 2 scrolls of enchant weapon
 k - 2 scrolls of fog
 l - a scroll of brand weapon
Potions
 a - 5 potions of magic
 b - 3 potions of curing
 c - a potion of heal wounds
 h - 2 potions of resistance
 m - 3 potions of haste
 o - 2 potions of enlightenment


   Skills:
 - Level 6.0 Dodging
 - Level 4.0 Stealth
 - Level 0.5 Unarmed Combat
 + Level 8.5 Spellcasting
 * Level 9.2 Conjurations
 + Level 3.4 Hexes
 + Level 3.3 Translocations
 + Level 9.0 Fire Magic
 * Level 5.5 Invocations


You had 12 spell levels left.
You knew the following spells:

 Your Spells              Type           Power      Damage    Failure   Level
a - Foxfire               Conj/Fire      100%       2x1d9     1%          1
b - Scorch                Fire           84%        2d8       1%          2
c - Inner Flame           Hex/Fire       31%        N/A       1%          3
d - Flame Wave            Conj/Fire      42%        2d11      1%          4
e - Blink                 Tloc           40%        N/A       3%          2

Your spell library contained the following spells:

 Spells                   Type           Power      Damage    Failure   Level
 Momentum Strike          Conj/Tloc      64%        3d9       1%          2
 Volatile Blastmotes      Fire/Tloc      62%        2d15      1%          3
 Lesser Beckoning         Tloc           40%        N/A       3%          2
 Hailstorm                Conj/Ice       25%        3d7       3%          3
 Freeze                   Ice            32%        1d5       9%          1
 Necrotise                Necr           32%        1d5       9%          1
 Frozen Ramparts          Ice            16%        1d3       26%         3
 Vampiric Draining        Necr           8%         2d6       26%         3
 Martyr's Knell           Necr/Summ      8%         N/A       65%         4
 Curse of Agony           Necr           8%         N/A       94%         5


Dungeon Overview and Level Annotations

Branches:
Dungeon (1/1)

Altars:
Cheibriados
Dithmenos
Elyvilon
Fedhas
Gozag
Hepliaklqana
Kikubaaqudgha
Makhleb
Nemelex Xobeh
Okawaru
Qazlal
Ru
Sif Muna
Trog
Uskayaw
Vehumet
Wu Jian
Xom
Yredelemnul
Zin
The Shining One
Jiyva
Lugonu

Shops:
D ::(=*[?[(!=:=!!

Annotations:
D exclusion: oklob plant, Roxanne


Innate Abilities, Weirdness & Mutations

You cannot wear most types of armour.
You are amphibious.
You can wear up to eight rings at the same time.
Your skin changes colour to match your surroundings (Stealth+).
Your rubbery body absorbs attacks. (AC +1, EV +1)
You are camouflaged when in or above water. (Stealth+)
You have tentacles for arms and can constrict up to eight enemies at once.


Message History

Casting: Foxfire (safe; 1% risk of failure)
Confirm with . or Enter, or press ? or * to list all spells.
Flames lash the yaktaur.
The yaktaur is burned terribly!
Flame seeps out of the yaktaur.
The yaktaur is almost dead.
The foxfire hits the yaktaur!
The yaktaur is burned terribly!
Sif Muna accepts your kill.
You can now call upon Sif Muna for magical energy.
You hear a splash.
The yaktaur explodes!
Your Conjurations skill increases to level 9!
Your Hexes skill increases to level 3!
Your Translocations skill increases to level 3!
Your Fire Magic skill increases to level 9!
Your Invocations skill increases to level 5!
Unknown command.
Casting: Scorch (safe; 1% risk of failure)
Confirm with . or Enter, or press ? or * to list all spells.
You conjure some foxfire!
Tentacles burst out of the water!
A tentacle comes into view.
Casting: Foxfire (safe; 1% risk of failure)
Confirm with . or Enter, or press ? or * to list all spells.
Aiming: Inner Flame (safe; 1% risk of failure)
Press: ? - help, Dir - move target, f - hornet
Aim: a hornet (ally target, chance to affect: 78%)
The hornet barely resists.
The foxfire hits the hornet but does no damage.
The hornet is engulfed in a cloud of scalding steam.
The hornet is engulfed in blazing flames.
Casting: Inner Flame (safe; 1% risk of failure)
Confirm with . or Enter, or press ? or * to list all spells.
Flames lash the hornet.
The hornet is almost dead.
The hornet's fire resistance burns away.
The hornet stings you.
You suddenly lose the ability to move!
The crocodile hisses menacingly.
The hornet stings you!
You are poisoned.
You feel yourself slow down. The hornet stings you!
You die...

#):▓..)..[).▓▓ ###
+.####"○▓)....(..▓▓ ...#
...####▓..[()[).▓▓ ..## #.^#
c#▓...)(...▓▓ #..# +..#
.#▓.).(..).▓▓ #..# #..#
h#▓[.(.)...▓▓
+.§####^.##.#▓...)[...▓▓
#.§..###...##▓▓▓▓▓▓▓'▓▓▓▓+▓
##.§....~~~~~§)y@~~~~...X≈≈▓
#~~.....~#'########+###.≈≈≈▓
~§~~~~..~#_._._...#l§~##≈≈≈▓
~~§~~§§.~#._._._._#l§≈§####▓
~≈§≈~~~~~#_._._._.#~§§~≈#
~§§≈≈≈~§~#._._._._#~~~≈§≈
~≈§≈≈§≈≈~#.._._._.#~§§~~≈
#≈§≈###§§#..._._._#~~~§§l
##≈≈# #§§#...._._.#§§≈≈


You could see a hornet (combustible) and 2 crocodiles.

Vanquished Creatures
  A yaktaur (D)
  2 polar bears (D)
  A vampire mosquito (D)
  Menkaure (D)
  4 necrophages (D)
9 creatures vanquished.

Vanquished Creatures (others)
  A crocodile (D)
  13 foxfires (D)
  4 tentacles (D)
18 creatures vanquished.

Grand Total: 27 creatures vanquished

Notes
Turn   | Place    | Note
-------+----------+-------------------------------------------
     0 | D        | Conn the Octopode Fire Elementalist began the quest for the
                  | Orb.
     0 | D        | Reached XP level 1. HP: 11/11 MP: 3/3
     1 | D        | Noticed a necrophage
     1 | D        | Noticed a necrophage
     1 | D        | Noticed a necrophage
     1 | D        | Noticed a necrophage
    12 | D        | Killed a necrophage
    13 | D        | Reached XP level 2. HP: 17/17 MP: 1/6
    13 | D        | Reached XP level 3. HP: 21/21 MP: 1/7
    16 | D        | Killed a necrophage
    17 | D        | Reached XP level 4. HP: 20/27 MP: 1/10
    17 | D        | Reached XP level 5. HP: 23/31 MP: 1/12
    21 | D        | Reached skill level 5 in Spellcasting
    24 | D        | Reached skill level 5 in Dodging
    24 | D        | Reached skill level 5 in Conjurations
    24 | D        | Reached XP level 6. HP: 23/36 MP: 2/15
    30 | D        | Found Vanuum's Book Boutique.
    30 | D        | Found Soavit's Distillery.
    30 | D        | Found Zaivis's Jewellery Shop.
    31 | D        | Found Roasuoge's Distillery.
    31 | D        | Found Naraluq's Distillery.
    31 | D        | Found Wemayd's Antique Weapon Boutique.
    31 | D        | Found Worul's Antique Armour Shop.
    31 | D        | Found Yskill's Magic Scroll Boutique.
    32 | D        | Found Ajejafi's General Store.
    32 | D        | Noticed a yak
    33 | D        | Found Siamar's Jewellery Shop.
    33 | D        | Found Gifylol's Antique Armour Boutique.
    33 | D        | Noticed a yak
    34 | D        | Found Gyck's Jewellery Boutique.
    34 | D        | Found Hankinol's Antique Weapon Shop.
    34 | D        | Noticed Menkaure
    34 | D        | Noticed a yak
    34 | D        | Noticed an oklob plant
    35 | D        | Found Hekeox's Book Shoppe.
    35 | D        | Found Rezakkua's Book Boutique.
    36 | D        | Noticed a slime creature
    36 | D        | Noticed a slime creature
    37 | D        | Noticed a slime creature
    46 | D        | Killed Menkaure
    48 | D        | Noticed a redback
    49 | D        | Noticed a redback
    54 | D        | Bought a book of Spatial Translocations for 180 gold pieces
    57 | D        | Learned a level 2 spell: Scorch
    61 | D        | Learned a level 3 spell: Inner Flame
    66 | D        | Learned a level 4 spell: Flame Wave
    69 | D        | Learned a level 2 spell: Blink
    78 | D        | Bought a potion of lignification for 33 gold pieces
    88 | D        | Noticed a vampire mosquito
    91 | D        | Killed a vampire mosquito
    92 | D        | Reached XP level 7. HP: 28/41 MP: 4/18
    96 | D        | Noticed Roxanne
    98 | D        | Noticed a wyvern
    98 | D        | Noticed a wyvern
   107 | D        | Found an iron altar of Okawaru.
   107 | D        | Found an opulent altar of Gozag.
   108 | D        | Found a sparkling altar of Nemelex Xobeh.
   108 | D        | Found a blossoming altar of Fedhas.
   109 | D        | Found a radiant altar of Vehumet.
   109 | D        | Found a burning altar of Makhleb.
   109 | D        | Found a white marble altar of Elyvilon.
   110 | D        | Found a hide-covered altar of Uskayaw.
   110 | D        | Found a corrupted altar of Lugonu.
   110 | D        | Found a shadowy altar of Dithmenos.
   111 | D        | Found a glowing silver altar of Zin.
   111 | D        | Found a bloodstained altar of Trog.
   111 | D        | Found an ancient bone altar of Kikubaaqudgha.
   112 | D        | Found a basalt altar of Yredelemnul.
   112 | D        | Found a shimmering blue altar of Sif Muna.
   112 | D        | Found a viscous altar of Jiyva.
   113 | D        | Found a shimmering altar of Xom.
   113 | D        | Found a sacrificial altar of Ru.
   115 | D        | Found a glowing golden altar of the Shining One.
   115 | D        | Found an ornate altar of the Wu Jian Council.
   115 | D        | Found a stormy altar of Qazlal.
   115 | D        | Found a snail-covered altar of Cheibriados.
   115 | D        | Found a hazy altar of Hepliaklqana.
   121 | D        | Became a worshipper of Sif Muna the Loreminder
   134 | D        | Noticed a kraken
   146 | D        | Found the amulet of the Four Winds {rN+ Will+++ Clar}
   278 | D        | Noticed a yaktaur
   278 | D        | Noticed a hornet
   278 | D        | Noticed a polar bear
   279 | D        | Noticed a polar bear
   298 | D        | Killed a polar bear
   298 | D        | Killed a polar bear
   299 | D        | Reached XP level 8. HP: 37/46 MP: 17/20
   325 | D        | Killed a yaktaur
   325 | D        | Reached * piety under Sif Muna
   326 | D        | Reached skill level 5 in Invocations
   328 | D        | Paralysed by a hornet for 2 turns
   329 | D        | Slain by a hornet

Illustrated notes

Levels and vault maps discovered:
D:        the_violet_keep_of_menkaure [sprint2_stairs_cluster_1,
          sprint2_shoproom, sprint2_temple, sprint2_basic_supplies,
          sprint2_obstacle_6, sprint2_obstacle_5, sprint2_obstacle_1,
          sprint2_obstacle_2, sprint2_obstacle_4, sprint2_timed_cluster_1,
          sprint2_smallroom_cluster_1, sprint2_smallroom_final_cluster_1,
          sprint2_transparent_cluster_1, sprint2_second_timed_cluster_1,
          sprint2_sniper_area_1, sprint2_heavy_combat_area_1,
          sprint2_mutation_trap_area_1, sprint2_forest_area_1,
          sprint2_light_combat_area_1, sprint2_behind_water_1,
          sprint2_near_end_vault_1]

Skill      XL: |  1  2  3  4  5  6  7  8 |
---------------+-------------------------+-----
Dodging        | 3 4 5 6 |  6.0
Stealth        | 4 |  4.0
Spellcasting   | 3 4 6 7 8 |  8.5
Fire Magic     | 6 7 8 9 |  9.0
Conjurations   | 3 5 7 8 9 |  9.2
Hexes          | 2 3 |  3.4
Translocations | 2 3 |  3.3
Invocations    | 4 5 |  5.5
Unarmed Combat | |  0.5

Action                     |  1- 3 |  4- 6 |  7- 9 || total
---------------------------+-------+-------+-------++-------
  Melee: Unarmed           |     8 |     7 |     2 ||    17
         Tentacles         |     3 |     3 |     1 ||     7
         Constrict         |     1 |     3 |       ||     4
   Cast: Foxfire           |     2 |     4 |     4 ||    10
         Scorch            |       |     2 |     4 ||     6
         Inner Flame       |       |       |     7 ||     7
         Flame Wave        |       |       |     1 ||     1
    Use: Potion            |     2 |       |     6 ||     8
         Scroll            |       |       |     5 ||     5
 Armour: Skin              |     2 |     1 |    20 ||    23
  Dodge: Dodged            |     1 |     6 |    25 ||    32
  Block: Other             |       |       |     5 ||     5

Table legend: (Time is in decaauts)
 A = Elapsed time spent in this place.
 B = Non-inter-level travel time spent in this place.
 C = Inter-level travel time spent in this place.
 D = Time resting spent in this place.
 E = Time spent auto-exploring this place.
 F = Levels seen in this place.
 G = Mean time per level.
                   A        B        C        D        E       F      G
               +--------+--------+--------+--------+--------+-----+--------+
         Total |    320 |    320 |      0 |     22 |      0 |   1 |  320.0 |
       Dungeon |    320 |    320 |      0 |     22 |      0 |   1 |  320.0 |
               +--------+--------+--------+--------+--------+-----+--------+

Top non-repeatable levels by time:
       D: 320 daAuts
